 Dungeon Crawl Stone Soup version 0.28.0-53-g5a82cb258f (webtiles) character file.

Game seed: 14356649718446881282

291 bnorton916 the Magician (level 6, 0/32 HPs)
             Began as a Deep Elf Fire Elementalist on June 9, 2022.
             Succumbed to a scorpion's poison
             ... on level 4 of the Dungeon.
             The game lasted 00:03:32 (4479 turns).

bnorton916 the Magician (DEFE)                      Turns: 4479, Time: 00:03:32

Health: 0/32       AC:  2    Str:  5    XL:     6   Next: 10%
Magic:  5/16       EV: 12    Int: 22    God:
Gold:   171        SH:  0    Dex: 15    Spells: 9/15 levels left

rFire   . . .      SeeInvis .   l - +0 whip (drain)
rCold   . . .      Faith    .   (no shield)
rNeg    . . .      Spirit   .   a - +0 robe
rPois   .          Reflect  .   (no helmet)
rElec   .          Harm     .   (no cloak)
rCorr   .          Rampage  .   (no gloves)
Will    .....                   (no boots)
Stlth   ++........              (no amulet)
HPRegen 0.10/turn               (no ring)
MPRegen 0.15/turn               (no ring)

@: lethally poisoned (0 -> -14)
A: no striking features
a: no special abilities


You were on level 4 of the Dungeon.
You visited 1 branch of the dungeon, and saw 4 of its levels.

You collected 171 gold pieces.

Inventory:

Hand Weapons
 l - a +0 whip of draining (weapon)
 n - a +0 hunting sling of freezing
 o - a +3 falchion
Missiles
 b - 154 stones
 m - 2 boomerangs
 p - 9 poisoned darts
 t - 2 atropa-tipped darts
Armour
 a - a +0 robe (worn)
Magical Staves
 y - a staff of air
Jewellery
 s - a +6 ring of strength
 v - a +4 ring of evasion
 z - an amulet of faith
Wands
 r - a wand of flame (22)
Scrolls
 f - 2 scrolls of enchant armour {unknown}
 h - a scroll of fog {unknown}
 i - a scroll of summoning {unknown}
 j - 3 scrolls of identify {unknown}
 u - a scroll of torment {unknown}
 w - a scroll of noise {unknown}
Potions
 c - a potion of berserk rage {unknown}
 d - a potion of cancellation {unknown}
 e - 2 potions of curing {unknown}
 g - a potion of lignification {unknown}
 k - a potion of haste {unknown}
 q - a potion of attraction {unknown}
 x - a potion of degeneration {unknown}


   Skills:
 - Level 2.4 Dodging
 - Level 2.4 Stealth
 + Level 5.4 Spellcasting
 + Level 3.9 Conjurations
 + Level 5.1 Fire Magic


You had 9 spell levels left.
You knew the following spells:

 Your Spells              Type           Power      Damage    Failure   Level
a - Foxfire               Conj/Fire      100%       2x1d9     1%          1
b - Scorch                Fire           56%        2d8       1%          2
c - Conjure Flame         Conj/Fire      26%        6-21      4%          3

Your spell library contained the following spells:

 Spells                   Type           Power      Damage    Failure   Level
 Inner Flame              Hex/Fire       17%        N/A       10%         3
 Flame Wave               Conj/Fire      26%        2d7       16%         4


Dungeon Overview and Level Annotations

Branches:
Dungeon (4/15)
 Temple: D:4-7

Altars:
Okawaru
Sif Muna
Yredelemnul

Shops:
D:3 !

Annotations:
D:2 Sigmund
D:3 1 runed translucent door


Message History

The orc barely misses you. The scorpion barely misses you.
You hit the orc but do no damage. You drain the orc.
You kill the orc!
The scorpion misses you. The scorpion stings you.
You are poisoned.
The scorpion poisons you!
Things that are here:
a +0 whip; a +0 ring mail of willpower
Casting: Scorch (safe; 1% risk of failure)
Confirm with . or Enter, or press ? or * to list all spells.
Flames lash the scorpion.
The scorpion is moderately wounded.
The scorpion's fire resistance burns away.
You feel sick. The scorpion stings you.
You are more poisoned.
The scorpion poisons you!
You feel very sick. The scorpion stings you.
Casting: Scorch (safe; 1% risk of failure)
Confirm with . or Enter, or press ? or * to list all spells.
Flames lash the scorpion but do no damage.
You feel very sick. The scorpion barely misses you.
* * * LOW HITPOINT WARNING * * *
You feel sick.
The scorpion is no longer more vulnerable to fire.
The scorpion misses you.
Unknown command.
Casting: Scorch (safe; 1% risk of failure)
Confirm with . or Enter, or press ? or * to list all spells.
Flames lash the scorpion.
The scorpion is heavily wounded.
The scorpion's fire resistance burns away.
* * * LOW HITPOINT WARNING * * *
You feel sick. The scorpion stings you.
* * * LOW HITPOINT WARNING * * *
You are more poisoned.
The scorpion poisons you! The scorpion barely misses you.
You die...

.............##..............#
..(..........######..........#
.............# #..........#
####'###...### #..........#
...........# ##.........#
..........## ########.##
..........# #.# ..........#
### #.# ####.###### ##@## #.#
# #.# ##.#s# #.## . #.#
##.#.#.# #..# . ..# ##.#.#.#.#
##.# . ..# ##.#.##..#.# ##.# .
...# ##.#.## .#.## ##..# .
.... ##.#.## #.## ##...# .
##.#.## # ##.#.## . ##.#.##
##.#.##


You could see a scorpion (combustible).

Vanquished Creatures
  Blork the orc (D:4)
  A scorpion (D:4)
  A jelly (D:4)
  An orc priest (D:2)
  4 gnolls
  3 dart slugs
  7 orcs
  5 endoplasms
  4 giant cockroaches
  3 goblins
  5 hobgoblins
  4 jackals
  A quokka (D:4)
  6 ball pythons
  5 bats
  3 frilled lizards
  A goblin skeleton (D:3)
  3 kobolds
  5 rats
63 creatures vanquished.

Vanquished Creatures (others)
  278 foxfires
278 creatures vanquished.

Grand Total: 341 creatures vanquished

Notes
Turn   | Place    | Note
-------+----------+-------------------------------------------
     0 | D:1      | bnorton916 the Deep Elf Fire Elementalist began the quest
                  | for the Orb.
     0 | D:1      | Reached XP level 1. HP: 10/10 MP: 6/6
   407 | D:1      | Reached XP level 2. HP: 15/15 MP: 2/8
   516 | D:1      | Found a faded altar of an unknown god.
   719 | D:1      | Reached XP level 3. HP: 19/19 MP: 3/10
  1190 | D:2      | Noticed Sigmund
  1196 | D:1      | Learned a level 2 spell: Scorch
  1476 | D:2      | Found a shimmering blue altar of Sif Muna.
  2014 | D:2      | Reached XP level 4. HP: 21/24 MP: 4/12
  2519 | D:2      | Learned a level 3 spell: Conjure Flame
  2647 | D:3      | Found Jiguhyne's Distillery.
  2968 | D:3      | Found a runed translucent door.
  2968 | D:3      | Noticed a human
  3025 | D:3      | Found a basalt altar of Yredelemnul.
  3811 | D:4      | Reached XP level 5. HP: 28/28 MP: 10/14
  3906 | D:4      | Noticed Blork the orc
  3914 | D:4      | Killed Blork the orc
  3915 | D:4      | Reached skill level 5 in Spellcasting
  4042 | D:4      | Found an iron altar of Okawaru.
  4468 | D:4      | Reached skill level 5 in Fire Magic
  4468 | D:4      | Reached XP level 6. HP: 32/32 MP: 11/16
  4479 | D:4      | Succumbed to a scorpion's poison

Illustrated notes

Levels and vault maps discovered:
D:1:      scummos_arrival_forest, layout_rooms,
          shapermc_ecumenical_altar_pompeii
D:2:      layout_basic, basic_altar, kennysheep_generic_room_14, uniq_sigmund
D:3:      layout_loops_cross, dk_yredelemnul_ordeal, serial_shops, shop
D:4:      minmay_inner_zag, layout_basic, okawaru_metal_pillars_1_2,
          uniq_blork_the_orc

Skill      XL: |  1  2  3  4  5 |
---------------+----------------+-----
Conjurations   | 2 3 |  3.9
Spellcasting   | 4 5 |  5.4
Fire Magic     | 4 5 |  5.1
Dodging        | |  2.4
Stealth        | |  2.4

Action                   |  1- 3 |  4- 6 || total
-------------------------+-------+-------++-------
Melee: Whip              |       |     3 ||     3
 Cast: Foxfire           |    92 |    70 ||   162
       Scorch            |     3 |    19 ||    22
Armor: Robe              |     5 |     7 ||    12
Dodge: Dodged            |    20 |    32 ||    52
